 Dungeon Crawl Stone Soup version 0.20-a0-151-g755e310 (webtiles) character file.

4211 KristoblXynda the Blocker (level 10, -5/77 HPs)
             Began as a Green Draconian Fighter on Nov 22, 2016.
             Was a High Priest of Cheibriados.
             Slain by a cyan ugly thing (13 damage)
             ... on level 8 of the Dungeon.
             The game lasted 00:17:44 (8421 turns).

KristoblXynda the Blocker (Green Draconian Fighter) Turns: 8421, Time: 00:17:46

Health: -5/77      AC:  8    Str: 29    XL:     10   Next: 8%
Magic:  14/14      EV: 15    Int: 22    God:    Cheibriados [*****.]
Gold:   456        SH: 14    Dex: 19    Spells: 9/9 levels left

rFire  + . .     SeeInvis .     D - +4 long sword
rCold  . . .     Gourm    .     (armour unavailable)
rNeg   . . .     Faith    .     b - +1 shield
rPois  +         Spirit   .     (helmet restricted)
rElec  .         Reflect  .     (no cloak)
rCorr  .         Harm     .     j - +0 pair of gloves
MR     .....                    (no boots)
Stlth  +.........               y - amulet of regeneration
                                (no ring)
                                s - ring of protection from fire

@: short of breath, drained, very slow
A: breathe noxious fumes, unfitting armour, hooves 1, clumsy 1, poison
resistance, weak 1, cold-blooded, AC +7
a: Breathe Noxious Fumes, Bend Time, Temporal Distortion, Slouch, Step From
Time, Renounce Religion


You were on level 8 of the Dungeon.
You worshipped Cheibriados.
Cheibriados was extremely pleased with you.
You were not hungry.

You visited 1 branch of the dungeon, and saw 8 of its levels.
You also visited: Ossuary.

You collected 573 gold pieces.
You spent 117 gold pieces at shops.

Inventory:

Hand Weapons
 r - a +1 falchion of freezing
 D - a +4 long sword (weapon)
Armour
 b - a +1 shield (worn)
 j - a +0 pair of gloves (worn)
Jewellery
 s - a ring of protection from fire (left hand)
 y - an amulet of regeneration (around neck)
Wands
 k - a wand of acid (5/15)
 o - a wand of lightning (7/15)
 w - a wand of iceblast (2/15)
 z - a wand of confusion (9/48)
 A - a wand of paralysis (13/24)
Scrolls
 a - a scroll of magic mapping
 e - 3 scrolls of teleportation
 f - 4 scrolls of recharging
 l - 5 scrolls of remove curse
 q - a scroll of enchant armour
 v - 3 scrolls of immolation
 B - a scroll of identify
Potions
 c - a potion of might
 g - 2 potions of brilliance
 h - a potion of agility
 i - a potion of resistance
 t - a potion of haste {unknown}
 u - 2 potions of lignification
 x - a potion of cure mutation {unknown}
Comestibles
 d - 3 bread rations
 m - 6 meat rations
 p - 8 royal jellies
 C - 6 beef jerkies
 E - 4 fruits


   Skills:
 - Level 3.2 Fighting
 + Level 8.8(8.7) Long Blades
 - Level 6.0(5.9) Dodging
 + Level 9.0(8.9) Shields
 + Level 6.5(6.4) Invocations


You had 9 spell levels left.
You didn't know any spells.

Dungeon Overview and Level Annotations

Branches:
Dungeon (8/15)             Temple (0/1) D:6
   Lair: D:8-11

Altars:
Cheibriados
Elyvilon
Fedhas
Gozag
Hepliaklqana
Kikubaaqudgha
Makhleb
Nemelex Xobeh
Yredelemnul

Shops:
D:4 *   D:5 =


Innate Abilities, Weirdness & Mutations

You can breathe blasts of noxious fumes.
Your lurid green scales are hard. (AC +7)
You cannot fit into any form of body armour.
Your system is resistant to poisons. (rPois)
You are cold-blooded and may be slowed by cold attacks.
You have large cloven feet.
You are clumsy. (Dex -2)
You are weak. (Str -2)


Message History

You tail-slap the cyan ugly thing, but do no damage.
The cyan ugly thing is severely wounded.
The cyan ugly thing seems less confused.
The cyan ugly thing claws you.
* * * LOW HITPOINT WARNING * * *
The cyan ugly thing shocks you!
* * * LOW HITPOINT WARNING * * *
Okay, then.
As you read the scroll of fear, it crumbles to dust.
You assume a fearsome visage.
The cyan ugly thing looks frightened!
The cyan ugly thing gurgles horribly!
The cyan ugly thing seems to regain its courage.
You can't do that yet.
You hit the cyan ugly thing.
You kick the cyan ugly thing, but do no damage.
The cyan ugly thing is severely wounded.
The cyan ugly thing claws you.
* * * LOW HITPOINT WARNING * * *
The cyan ugly thing shocks you!
You die...

# ########
........
##. ###
#######.
.. ..# # #
#. #.# .#
##
#.##.##.#
.#
##.......#
.#####
##......#
.....#
#......@#
.##.....
#..#...u#
.##.....
#. #.#..#
.... ...
#..#.##.#
..#.....
#..#[##.#
..#... .
#...)...#
.... #
####.####
..## #)#
### #.#


You could see a cyan ugly thing.

Vanquished Creatures
  Psyche (D:8)
  3 hornets (D:8)
  A phantom (D:5)
  2 orc warriors (D:8)
  3 sky beasts
  A necrophage (D:6)
  2 centaurs
  An ogre (D:6)
  Blork the orc (D:5)
  4 bullfrogs
  A big kobold (D:8)
  6 water moccasin zombies (Ossuary)
  7 wights (D:8)
  2 howler monkeys
  2 crimson imps
  A bullfrog zombie (D:6)
  4 hounds
  3 jellies
  4 orc priests
  6 orc wizards
  2 centaur skeletons
  A bullfrog skeleton (D:7)
  2 iguanas
  9 worker ants
  3 big kobold zombies (Ossuary)
  A hound skeleton (D:4)
  2 mummies (Ossuary)
  2 worker ant zombies
  13 adders
  3 shadow imps
  3 oozes
  4 adder zombies (Ossuary)
  A worm (D:5)
  A dart slug (D:2)
  A leopard gecko (D:5)
  39 orcs
  3 ball pythons
  2 giant cockroaches
  5 goblins
  8 hobgoblins
  4 jackals (D:8)
  11 kobolds
  6 quokkas
  4 bats
  3 frilled lizards
  A gnoll zombie (Ossuary)
  3 hobgoblin zombies (Ossuary)
  8 kobold zombies (Ossuary)
  A leopard gecko skeleton (D:6)
  3 orc zombies (Ossuary)
  A quokka zombie (D:8)
  12 rats
217 creatures vanquished.

Vanquished Creatures (others)
  An orc (D:8)
  A quokka (D:8)
2 creatures vanquished.

Grand Total: 219 creatures vanquished

Notes
Turn   | Place    | Note
-------+----------+-------------------------------------------
     0 | D:1      | KristoblXynda the Draconian Fighter began the quest for the Orb.
     0 | D:1      | Reached XP level 1. HP: 19/19 MP: 1/1
   203 | D:1      | Reached XP level 2. HP: 24/26 MP: 2/2
   877 | D:2      | Reached XP level 3. HP: 31/31 MP: 3/3
  1103 | D:2      | Found a sparkling altar of Nemelex Xobeh.
  1250 | D:2      | Found a faded altar of an unknown god.
  1569 | D:3      | Reached XP level 4. HP: 38/38 MP: 4/4
  1608 | D:3      | Reached skill level 4 in Shields
  1843 | D:3      | Found a basalt altar of Yredelemnul.
  1846 | D:3      | Found a snail-covered altar of Cheibriados.
  1854 | D:3      | Became a worshipper of Cheibriados the Contemplative
  1861 | D:3      | Reached XP level 5. HP: 33/45 MP: 5/5
  2316 | D:3      | Found a blossoming altar of Fedhas.
  2547 | D:4      | Found Apnoumpix's Assorted Antiques.
  2578 | D:4      | Bought a pair of gloves for 117 gold pieces
  2840 | D:4      | Reached XP level 6. HP: 30/51 MP: 6/6
  3451 | D:4      | Reached * piety under Cheibriados
  3518 | D:5      | Entered Level 5 of the Dungeon
  3686 | D:5      | Reached skill level 5 in Shields
  3765 | D:5      | Noticed Blork the orc
  3782 | D:5      | Killed Blork the orc
  3788 | D:5      | Your scales start taking on a lurid green colour.
  3788 | D:5      | Reached XP level 7. HP: 32/57 MP: 7/7
  3788 | D:5      | Gained mutation: Your system is resistant to poisons. (rPois) [Green Draconian growth]
  4101 | D:5      | Found an opulent altar of Gozag.
  4114 | D:5      | Reached skill level 5 in Long Blades
  4114 | D:5      | Reached skill level 5 in Dodging
  4169 | D:5      | Found a sparkling altar of Nemelex Xobeh.
  4296 | D:5      | Found Tefoiree's Jewellery Boutique.
  4368 | D:5      | Found a burning altar of Makhleb.
  4457 | D:5      | Found an ancient bone altar of Kikubaaqudgha.
  4941 | D:6      | Reached skill level 6 in Shields
  5082 | D:6      | Reached XP level 8. HP: 48/63 MP: 8/8
  5108 | D:6      | Reached ** piety under Cheibriados
  5273 | D:6      | Found a staircase to the Ecumenical Temple.
  5513 | D:7      | Reached skill level 1 in Invocations
  5742 | D:7      | Found a sand-covered staircase.
  5747 | Ossuary  | Entered an ossuary
  5777 | Ossuary  | Reached skill level 7 in Shields
  5846 | Ossuary  | Reached *** piety under Cheibriados
  6678 | D:7      | Reached XP level 9. HP: 70/70 MP: 11/11
  6974 | D:7      | Reached **** piety under Cheibriados
  6978 | D:7      | Found a hazy altar of Hepliaklqana.
  7121 | D:8      | Gained mutation: You are clumsy. (Dex -2) [mutagenic meat]
  7122 | D:8      | Gained mutation: You are weak. (Str -2) [mutagenic meat]
  7123 | D:8      | Gained mutation: You have large cloven feet. [mutagenic meat]
  7533 | D:8      | Reached skill level 8 in Shields
  7547 | D:8      | Noticed Psyche
  7565 | D:8      | Reached skill level 5 in Invocations
  7588 | D:8      | Killed Psyche
  7913 | D:8      | Reached ***** piety under Cheibriados
  7937 | D:8      | Reached XP level 10. HP: 52/77 MP: 14/14
  8056 | D:8      | Found a white marble altar of Elyvilon.
  8269 | D:8      | Reached skill level 9 in Shields
  8387 | D:8      | Noticed a cyan ugly thing
  8421 | D:8      | Slain by a cyan ugly thing

Vault maps used:
D:1:      eino_arrival_tree_alley
D:2:      chequers_ecumenical_altar_grove, nemelex_xobeh_ov_fountains_minmay
D:3:      grunt_temple_overflow_open, fedhas_altar_2
D:4:      serial_shops, nicolae_shop_crystal, first_bread
D:5:      lightli_temple_of_fire, nicolae_gozag_seed_capital,
          nicolae_overflow_crystal_walls, lemuel_doored_altar, serial_shops,
          shop, uniq_blork_the_orc
D:6:      grunt_ministairs_14, zaba_anthole
D:7:      kennysheep_little_box, nicolae_ossuary_entry_monument
D:8:      elyvilon_altar_4, hangedman_pestilent_swarm,
          nicolae_qazlal_eye_of_the_storm, uniq_psyche
Ossuary:  ossuary_tomb_2

Skill      XL: |  1  2  3  4  5  6  7  8  9 10 |
---------------+-------------------------------+-----
Dodging        | 3 4 5 6 |  6.0
Long Blades    | 3 4 5 7 8 |  8.8
Shields        | 4 5 6 7 8 9 |  9.0
Invocations    | 3 6 |  6.5
Fighting       | |  3.2

Action                   |  1- 3 |  4- 6 |  7- 9 | 10-12 || total
-------------------------+-------+-------+-------+-------++-------
Melee: Long sword        |   130 |   160 |   345 |    45 ||   680
       Tailslap          |    10 |    24 |   114 |    11 ||   159
       Falchion          |       |       |   172 |       ||   172
       Kick              |       |       |    61 |    25 ||    86
 Abil: Breathe Noxious F |       |       |     7 |     1 ||     8
Evoke: Wand              |       |       |     2 |     3 ||     5
  Use: Potion            |     2 |       |     8 |       ||    10
       Scroll            |       |     8 |    11 |     1 ||    20
 Stab: Sleeping          |     1 |       |     1 |       ||     2
       Confused          |       |       |     5 |     1 ||     6
  Eat: Chunk             |     1 |     3 |     4 |       ||     8
       Pizza             |     1 |       |     1 |       ||     2
       Beef jerky        |       |     3 |       |       ||     3
       Fruit             |       |       |     7 |       ||     7
       Royal jelly       |       |       |       |     1 ||     1
Armor: Skin              |    31 |    42 |   120 |    13 ||   206
Dodge: Dodged            |    53 |    97 |   234 |    31 ||   415
Block: Shield            |    71 |   100 |   320 |    47 ||   538
       Rpst.: Long sword |    18 |    32 |    49 |     9 ||   108
       Falchion          |       |       |    22 |       ||    22
